AA
CLEBURNE RAILROADERS @ SIOUX CITY EXPLORERS
06/21/2098
 
TOP OF THE 1ST
Kansas City T-Bones batting - Pitching for Medford Alouettes : RHP Tony Chavez
Pitching: RHP Tony Chavez
Batting: RHB Tyler Barker 0-0: Swinging Strike
0-1: Foul Ball, location: 9LDF
0-2: Ball
1-2: Ground out 4-3 (Groundball, 4S, EV 65.6 MPH)
Batting: RHB Ernie Broussard 0-0: Ball
1-0: Ball
2-0: Foul Ball, location: 9LMF
2-1: Fly out, F9 (Flyball, 9D, EV 89.4 MPH)
Batting: SHB Ricardo Trejo 0-0: Fly out, F8 (Flyball, 8RXD, EV 96.9 MPH)
Top of the 1st over - 0 runs, 0 hits, 0 errors, 0 left on base; Kansas City 0 - Medford 0
BOTTOM OF THE 1ST
Medford Alouettes batting - Pitching for Kansas City T-Bones : RHP Edgardo Sanabria
Pitching: RHP Edgardo Sanabria
Batting: RHB Omar Sosa 0-0: Ball
1-0: SINGLE (Line Drive, 9S, EV 97.5 MPH)
Batting: SHB Luis Medina 0-0: Ball
1-0: Ball
2-0: Foul Ball, location: 2F
2-1: SINGLE (Line Drive, 7S, EV 98.1 MPH)
Omar Sosa to second
Batting: RHB Bob Sellers 0-0: Fly out, F8 (Flyball, 8RM, EV 85.6 MPH)
Batting: RHB Peter Pinard 0-0: Ball
1-0: Fly out, F7 (Flyball, 78D, EV 98.1 MPH)
Batting: RHB Pablo Felix 0-0: Called Strike
0-1: SINGLE (Groundball, 6MD, EV 95.6 MPH)
Omar Sosa to third
Luis Medina to second
Batting: RHB Allen Woodall 0-0: Called Strike
0-1: Swinging Strike
0-2: Ball
1-2: Fly out, F7 (Flyball, 7LD, EV 104.4 MPH)
Bottom of the 1st over - 0 runs, 3 hits, 0 errors, 3 left on base; Kansas City 0 - Medford 0
TOP OF THE 2ND
Kansas City T-Bones batting - Pitching for Medford Alouettes : RHP Tony Chavez
Batting: LHB Matt Doucette 0-0: Fly out, F5 (Popup, 5F, EV 67.5 MPH)
Batting: LHB Daniel Mosley 0-0: Called Strike
0-1: Foul Ball, location: 7LMF
0-2: Ball
1-2: Foul Ball, location: 2F
1-2: Foul Ball, location: 7LMF
1-2: Strikes out looking and he ARGUES THE CALL AND IS TOSSED!
Batting: LHB Dave Boe 0-0: Ball
1-0: Ball
2-0: Foul Ball, location: 25F
2-1: Ball
3-1: Foul Ball, location: 2F
3-2: Ground out 4-3 (Groundball, 4, EV 84.4 MPH)
Top of the 2nd over - 0 runs, 0 hits, 0 errors, 0 left on base; Kansas City 0 - Medford 0
BOTTOM OF THE 2ND
Medford Alouettes batting - Pitching for Kansas City T-Bones : RHP Edgardo Sanabria
Now in LF: Gyoo-jae Kim
Batting: RHB Chris Armstrong 0-0: Ball
1-0: Ball
2-0: Ball
3-0: Fly out, F7 (Flyball, 78M, EV 93.8 MPH)
Batting: RHB Zion Cummings 0-0: Called Strike
0-1: Swinging Strike
0-2: Strikes out swinging
Batting: RHB Bobby Parrish 0-0: Ball
1-0: SINGLE (Groundball, 6MD, EV 102.5 MPH)
Batting: RHB Omar Sosa 0-0: Foul Ball, location: 2F
0-1: Ball
Bobby Parrish steals 2nd base
1-1: Ball
2-1: Ball
3-1: Swinging Strike
3-2: Base on Balls
Batting: SHB Luis Medina 0-0: SINGLE (Groundball, 34D, EV 110.0 MPH)
Bobby Parrish to third
Omar Sosa to second
Runner from 3rd tries for Home, SAFE, throw by RF to home
Batting: RHB Bob Sellers 0-0: SINGLE (Popup, 34, EV 65.6 MPH)
Omar Sosa to third
Luis Medina to second
Runner from 3rd tries for Home, SAFE, throw by 2B to home
Batting: RHB Peter Pinard 0-0: Fly out, F3 (Popup, 34S, EV 81.9 MPH)
Bottom of the 2nd over - 2 runs, 3 hits, 0 errors, 2 left on base; Kansas City 0 - Medford 2
TOP OF THE 3RD
Kansas City T-Bones batting - Pitching for Medford Alouettes : RHP Tony Chavez
Batting: SHB Jose Arroyo 0-0: Called Strike
0-1: Fly out, F9 (Flyball, 89M, EV 93.1 MPH)
Batting: RHB Hector Cano 0-0: Called Strike
0-1: Called Strike
0-2: Ball
1-2: Foul Ball, location: 23F
1-2: Ball
2-2: Foul Ball, location: 2F
2-2: Strikes out swinging
Batting: RHB Nick Siguencia 0-0: Fly out, F7 (Flyball, 78S, EV 94.4 MPH)
Top of the 3rd over - 0 runs, 0 hits, 0 errors, 0 left on base; Kansas City 0 - Medford 2
BOTTOM OF THE 3RD
Medford Alouettes batting - Pitching for Kansas City T-Bones : RHP Edgardo Sanabria
Batting: RHB Pablo Felix 0-0: Ball
1-0: Foul Ball, location: 9LMFF
1-1: Ball
2-1: SINGLE (Line Drive, 8LS, EV 96.3 MPH)
Batting: RHB Allen Woodall 0-0: Fly out, F4 (Popup, 4M, EV 79.4 MPH)
Batting: RHB Chris Armstrong 0-0: Ball
1-0: Foul Ball, location: 5DF
1-1: Foul Ball, location: 7LMF
1-2: Grounds into double play, 5-4-3 (Groundball, 56, EV 105.0 MPH)
Bottom of the 3rd over - 0 runs, 1 hit, 0 errors, 0 left on base; Kansas City 0 - Medford 2
TOP OF THE 4TH
Kansas City T-Bones batting - Pitching for Medford Alouettes : RHP Tony Chavez
Batting: RHB Tyler Barker 0-0: Called Strike
0-1: Foul Ball, location: 2F
0-2: Ball
1-2: Foul Ball, location: 9LDF
1-2: Ball
2-2: Ground out 6-3 (Groundball, 6, EV 100.0 MPH)
Batting: RHB Ernie Broussard 0-0: Ball
1-0: Ball
2-0: Ball
3-0: Called Strike
3-1: Foul Ball, location: 2F
3-2: Fly out, F9 (Flyball, 9D, EV 90.0 MPH)
Batting: SHB Ricardo Trejo 0-0: Called Strike
0-1: Called Strike
0-2: Fly out, F7 (Flyball, 7, EV 99.4 MPH)
Top of the 4th over - 0 runs, 0 hits, 0 errors, 0 left on base; Kansas City 0 - Medford 2
BOTTOM OF THE 4TH
Medford Alouettes batting - Pitching for Kansas City T-Bones : RHP Edgardo Sanabria
Batting: RHB Zion Cummings 0-0: Foul Ball, location: 2F
0-1: Ball
1-1: Ball
2-1: Called Strike
2-2: Fly out, F3 (Popup, 3F, EV 82.5 MPH)
Batting: RHB Bobby Parrish 0-0: Foul Ball, location: 2F
0-1: Called Strike
0-2: Ball
1-2: Ground out U3 (Groundball, 13, EV 88.8 MPH)
Batting: RHB Omar Sosa 0-0: Foul Ball, location: 25F
0-1: Called Strike
0-2: Strikes out swinging
Bottom of the 4th over - 0 runs, 0 hits, 0 errors, 0 left on base; Kansas City 0 - Medford 2
TOP OF THE 5TH
Kansas City T-Bones batting - Pitching for Medford Alouettes : RHP Tony Chavez
Batting: LHB Matt Doucette 0-0: Called Strike
0-1: Ball
1-1: SOLO HOME RUN (Flyball, 89XD, EV 105.0 MPH), Distance : 429 ft
Batting: RHB Gyoo-jae Kim 0-0: Called Strike
0-1: Called Strike
0-2: Ball
1-2: SINGLE (Groundball, 6MD, EV 105.0 MPH)
Batting: LHB Dave Boe 0-0: Called Strike
0-1: Swinging Strike
0-2: Foul Ball, location: 2F
0-2: Ball
Gyoo-jae Kim steals 2nd base
1-2: Ball
2-2: Ball
3-2: Foul Ball, location: 2F
3-2: Ground out 5-3 (Groundball, 5S, EV 64.4 MPH)
Gyoo-jae Kim to third
Batting: SHB Jose Arroyo 0-0: Ball
1-0: Foul Ball, location: 3F
1-1: Ball
2-1: Fielders Choice at home, 5-2 (Groundball, 56, EV 90.0 MPH)
Batting: RHB Hector Cano 0-0: Called Strike
0-1: Foul Ball, location: 2F
0-2: Ball
1-2: Ball
2-2: Fielders Choice at 2nd, 5-4 (Groundball, 56, EV 88.1 MPH)
Top of the 5th over - 1 run, 2 hits, 0 errors, 1 left on base; Kansas City 1 - Medford 2
BOTTOM OF THE 5TH
Medford Alouettes batting - Pitching for Kansas City T-Bones : RHP Edgardo Sanabria
Batting: SHB Luis Medina 0-0: Ball
1-0: Ball
2-0: Called Strike
2-1: Swinging Strike
2-2: Foul Ball, location: 7LSF
2-2: Foul Ball, location: 7LSF
2-2: Foul Ball, location: 2F
2-2: Foul Ball, location: 5FF
2-2: Ball
3-2: Fly out, F7 (Flyball, 78M, EV 94.4 MPH)
Batting: RHB Bob Sellers 0-0: Ball
1-0: Fly out, F8 (Flyball, 8RXD, EV 91.9 MPH)
Batting: RHB Peter Pinard 0-0: Ball
1-0: Called Strike
1-1: Ball
2-1: SOLO HOME RUN (Flyball, 78XD, EV 104.4 MPH), Distance : 384 ft
Batting: RHB Pablo Felix 0-0: Swinging Strike
0-1: Fly out, F8 (Flyball, 8LD, EV 83.8 MPH)
Bottom of the 5th over - 1 run, 1 hit, 0 errors, 0 left on base; Kansas City 1 - Medford 3
TOP OF THE 6TH
Kansas City T-Bones batting - Pitching for Medford Alouettes : RHP Tony Chavez
Batting: RHB Nick Siguencia 0-0: Ground out 1-3 (Groundball, 15, EV 73.1 MPH)
Batting: RHB Tyler Barker 0-0: Called Strike
0-1: Ground out 5-3 (Groundball, 56, EV 101.9 MPH)
Batting: RHB Ernie Broussard 0-0: Ball
1-0: Swinging Strike
1-1: Ground out 5-3 (Groundball, 56S, EV 91.9 MPH)
Top of the 6th over - 0 runs, 0 hits, 0 errors, 0 left on base; Kansas City 1 - Medford 3
BOTTOM OF THE 6TH
Medford Alouettes batting - Pitching for Kansas City T-Bones : RHP Edgardo Sanabria
Batting: RHB Allen Woodall 0-0: Foul Ball, location: 3SF
0-1: Ball
1-1: Ball
2-1: Fly out, F7 (Flyball, 78M, EV 93.8 MPH)
Batting: RHB Chris Armstrong 0-0: Foul Ball, location: 2F
0-1: Ground out 6-3 (Groundball, 6, EV 107.5 MPH)
Batting: RHB Zion Cummings 0-0: Called Strike
0-1: Called Strike
0-2: Strikes out looking
Bottom of the 6th over - 0 runs, 0 hits, 0 errors, 0 left on base; Kansas City 1 - Medford 3
TOP OF THE 7TH
Kansas City T-Bones batting - Pitching for Medford Alouettes : RHP Tony Chavez
Batting: SHB Ricardo Trejo 0-0: Called Strike
0-1: Ball
1-1: SINGLE (Groundball, 34, EV 106.9 MPH)
Batting: LHB Matt Doucette 0-0: Ball
1-0: Foul Ball, location: 23F
1-1: DOUBLE (Flyball, 89D, EV 93.1 MPH)
Ricardo Trejo to third
Pitching: RHP Adam Hunter
Batting: RHB Gyoo-jae Kim 0-0: Fly out, F8 (Flyball, 78S, EV 86.3 MPH)
Batting: LHB Dave Boe 0-0: Called Strike
0-1: Ball
1-1: Ball
2-1: Called Strike
2-2: Strikes out swinging
Batting: SHB Jose Arroyo 0-0: Called Strike
0-1: Called Strike
0-2: Ball
1-2: Foul Ball, location: 7LMF
1-2: Ball
2-2: Ball
3-2: Base on Balls
Batting: RHB Hector Cano 0-0: Fielders Choice at 3rd, U5 (Groundball, 5, EV 89.4 MPH)
Top of the 7th over - 0 runs, 2 hits, 0 errors, 2 left on base; Kansas City 1 - Medford 3
BOTTOM OF THE 7TH
Medford Alouettes batting - Pitching for Kansas City T-Bones : RHP Edgardo Sanabria
Batting: RHB Bobby Parrish 0-0: Ball
1-0: Ball
2-0: Foul Ball, location: 2F
2-1: Ball
3-1: Base on Balls
Pitching: RHP John Davis
Batting: RHB Omar Sosa 0-0: Called Strike
0-1: Called Strike
Bobby Parrish steals 2nd base
0-2: Ball
1-2: Strikes out swinging
Batting: SHB Luis Medina 0-0: Ground out 6-3 (Groundball, 6, EV 106.3 MPH)
Bobby Parrish to third
Batting: RHB Bob Sellers 0-0: Called Strike
0-1: Ball
1-1: Ball
2-1: Fly out, F9 (Flyball, 89D, EV 98.1 MPH)
Bottom of the 7th over - 0 runs, 0 hits, 0 errors, 1 left on base; Kansas City 1 - Medford 3
TOP OF THE 8TH
Kansas City T-Bones batting - Pitching for Medford Alouettes : RHP Adam Hunter
Batting: RHB Nick Siguencia 0-0: Ground out 6-3 (Groundball, 6, EV 101.3 MPH)
Batting: RHB Tyler Barker 0-0: Fly out, F9 (Flyball, 9LSF, EV 92.5 MPH)
Batting: RHB Ernie Broussard 0-0: Ball
1-0: Foul Ball, location: 3FF
1-1: Foul Ball, location: 3SF
1-2: Fly out, F4 (Line Drive, 4, EV 62.5 MPH)
Top of the 8th over - 0 runs, 0 hits, 0 errors, 0 left on base; Kansas City 1 - Medford 3
BOTTOM OF THE 8TH
Medford Alouettes batting - Pitching for Kansas City T-Bones : RHP John Davis
Batting: RHB Peter Pinard 0-0: Called Strike
0-1: Foul Ball, location: 2F
0-2: Foul Ball, location: 9LSF
0-2: Ball
1-2: SOLO HOME RUN (Flyball, 7D, EV 96.9 MPH), Distance : 358 ft
Batting: RHB Pablo Felix 0-0: Ball
1-0: Ball
2-0: Called Strike
2-1: Fly out, F9 (Flyball, 9D, EV 94.4 MPH)
Batting: RHB Allen Woodall 0-0: Ball
1-0: Swinging Strike
1-1: Foul Ball, location: 2F
1-2: Ball
2-2: Ball
3-2: Strikes out looking
Pitching: RHP Fernando Flores
Batting: RHB Chris Armstrong 0-0: Ball
1-0: Ball
2-0: Fly out, F8 (Flyball, 8LM, EV 93.1 MPH)
Bottom of the 8th over - 1 run, 1 hit, 0 errors, 0 left on base; Kansas City 1 - Medford 4
TOP OF THE 9TH
Kansas City T-Bones batting - Pitching for Medford Alouettes : RHP Adam Hunter
Batting: SHB Ricardo Trejo 0-0: Ball
1-0: Swinging Strike
1-1: Swinging Strike
1-2: Ball
2-2: Strikes out looking
Batting: LHB Matt Doucette 0-0: Ball
1-0: Called Strike
1-1: Ball
2-1: Fly out, F9 (Flyball, 89D, EV 102.5 MPH)
Batting: RHB Gyoo-jae Kim 0-0: Ball
1-0: Foul Ball, location: 2F
1-1: Ball
2-1: Called Strike
2-2: Ground out 6-3 (Groundball, 6, EV 87.5 MPH)
Top of the 9th over - 0 runs, 0 hits, 0 errors, 0 left on base; Kansas City 1 - Medford 4
Sunday, April 7th , 2024 - OOTP Baseball 24.11 Build 85